 Dungeon Crawl Stone Soup version 0.24.0-1-gfbc8707122 (webtiles) character file.

Game seed: 9593709031779105036, levelgen mode: deterministic

3535 MTVSty1e the Cleaver (level 9, -7/81 HPs)
             Began as a Minotaur Fighter on Oct 28, 2019.
             Was a Priest of Okawaru.
             Mangled by a cyan ugly thing (17 damage)
             ... on level 9 of the Dungeon.
             The game lasted 00:08:45 (7461 turns).

MTVSty1e the Cleaver (Minotaur Fighter)             Turns: 7461, Time: 00:08:46

Health: -7/81      AC: 12    Str: 23    XL:     9   Next: 82%
Magic:  6/8        EV: 11    Int:  5    God:    Okawaru [***...]
Gold:   406        SH: 11    Dex: 11    Spells: 8/8 levels left

rFire    + + .     SeeInvis .   a - +1 war axe
rCold    x . .     Gourm    .   c - +0 shield
rNeg     . . .     Faith    .   w - +0 fire dragon scales (curse)
rPois    .         Spirit   .   (helmet restricted)
rElec    .         Reflect  .   r - +0 cloak
rCorr    .         Harm     .   (no gloves)
MR       .....                  (no boots)
Stlth    +.........             (no amulet)
HPRegen  0.23/turn              (no ring)
MPRegen  0.11/turn              (no ring)

@: heroism
A: retaliatory headbutt, horns 2
a: Heroism, Renounce Religion


You were on level 9 of the Dungeon.
You worshipped Okawaru.
Okawaru was most pleased with you.
You were not hungry.

You visited 2 branches of the dungeon, and saw 10 of its levels.

You collected 406 gold pieces.

Inventory:

Hand Weapons
 a - a +1 war axe (weapon)
 t - the cursed +3 falchion "Vafutoen" {drain, rF+ MR+ Dex+4}
   (You found it on level 7 of the Dungeon)

   A truly terrible weapon, it drains the life of those it strikes.
   It affects your dexterity (+4).
   It protects you from fire.
   It affects your resistance to hostile enchantments.
   It has a curse placed upon it.
Armour
 c - a +0 shield (worn)
 h - a +0 plate armour
 r - a +0 cloak (worn)
 w - cursed +0 fire dragon scales (worn)
Jewellery
 u - a +2 ring of protection
Wands
 y - a wand of random effects (13)
Scrolls
 i - a scroll of fear
 l - 4 scrolls of teleportation
 p - a scroll of magic mapping
 q - 2 scrolls of enchant armour
 s - 2 scrolls of remove curse
 v - a scroll of amnesia
 z - a scroll of fog
Potions
 b - a potion of might
 d - 5 potions of curing
 e - a potion of mutation {unknown}
 g - 2 potions of cancellation
 j - a potion of flight {unknown}
 k - a potion of ambrosia {unknown}
 m - a potion of agility {unknown}
 o - a potion of haste
 x - a potion of resistance {unknown}
Comestibles
 f - 14 rations


   Skills:
 + Level 8.3(13.3) Fighting
 + Level 14.3(19.3) Axes
 + Level 4.3(9.3) Armour
 - Level 3.6(8.6) Shields


You had 8 spell levels left.
You didn't know any spells.
Your spell library was empty.

Dungeon Overview and Level Annotations

Branches:
Dungeon (9/15)             Temple (1/1) D:5
   Lair: D:8-11         Orc: D:9-12

Altars:
Ashenzari
Cheibriados
Dithmenos
Elyvilon
Fedhas
Gozag
Hepliaklqana
Kikubaaqudgha
Makhleb
Nemelex Xobeh
Okawaru
Qazlal
Ru
Sif Muna
Trog
Uskayaw
Vehumet
Wu Jian
Xom
Yredelemnul
Zin
The Shining One


Innate Abilities, Weirdness & Mutations

You reflexively headbutt those who attack you in melee.
You have a pair of horns on your head.


Message History

You feel much better. You block the cyan ugly thing's attack.
You feel much better. The cyan ugly thing headbutts you!
The cyan ugly thing shocks you!
* * * LOW HITPOINT WARNING * * *
You barely miss the cyan ugly thing.
Your headbutt misses the cyan ugly thing.
The cyan ugly thing is heavily wounded.
The cyan ugly thing headbutts you.
* * * LOW HITPOINT WARNING * * *
The cyan ugly thing shocks you!
* * * LOW HITPOINT WARNING * * *
You feel much better. The cyan ugly thing headbutts you.
* * * LOW HITPOINT WARNING * * *
The cyan ugly thing shocks you!
* * * LOW HITPOINT WARNING * * *
Okay, then.
You feel much better. The cyan ugly thing headbutts you!
* * * LOW HITPOINT WARNING * * *
The cyan ugly thing shocks you!
You die...

.#. .. ._ #.# #
#.###.# # #. .....#
.#. #..#.# #.#
#..#.#####.####
#####.<#.##.......#
#.........##.......#
....##.##.##..@....#
#.. #.##)###u###+##
# #.....(.).#
####[##...# #.##'#'#
#.##.#u# #.#...
#.#### #..


You could see a cyan ugly thing.

Vanquished Creatures
  A deep elf mage (D:7)
  Pikel (D:4)
  Joseph (D:8)
  Prince Ribbit (D:8)
  A spriggan (D:7)
  An ice beast (D:5)
  3 slaves (D:4)
  A phantom (D:4)
  A black bear (D:6)
  An ogre (D:8)
  A centaur (D:6)
  A big kobold (D:9)
  2 bullfrogs
  A scorpion (D:8)
  4 killer bees (D:9)
  5 wights (D:6)
  A crimson imp (D:7)
  A howler monkey (D:6)
  2 bullfrog zombies
  2 hounds (D:5)
  A jelly (D:9)
  5 orc wizards
  2 orc priests
  3 bullfrog skeletons
  4 iguanas
  3 worker ants
  A hound skeleton (D:6)
  A worker ant zombie (D:5)
  9 adders
  6 gnolls
  3 oozes
  3 adder skeletons
  4 worms
  2 dart slugs
  3 leopard geckos
  27 orcs
  8 bats
  3 giant cockroaches
  10 goblins
  11 hobgoblins
  13 jackals
  11 kobolds
  3 quokkas
  7 frilled lizards
  A leopard gecko zombie (D:6)
  A quokka skeleton (D:6)
  10 rats
187 creatures vanquished.

Vanquished Creatures (others)
  An orc (D:4)
1 creature vanquished.

Grand Total: 188 creatures vanquished

Notes
Turn   | Place    | Note
-------+----------+-------------------------------------------
     0 | D:1      | MTVSty1e the Minotaur Fighter began the quest for the Orb.
     0 | D:1      | Reached XP level 1. HP: 19/19 MP: 0/0
    93 | D:1      | Reached skill level 3 in Axes
   101 | D:1      | Reached XP level 2. HP: 26/26 MP: 1/1
   496 | D:1      | Reached skill level 4 in Axes
   945 | D:2      | Reached XP level 3. HP: 16/31 MP: 2/2
  1175 | D:2      | Reached skill level 5 in Axes
  1470 | D:2      | Reached XP level 4. HP: 36/39 MP: 3/3
  1990 | D:3      | Reached skill level 6 in Axes
  2060 | D:3      | Reached XP level 5. HP: 27/45 MP: 4/4
  2602 | D:3      | Reached skill level 7 in Axes
  2668 | D:3      | Found an opulent altar of Gozag.
  2759 | D:3      | Noticed a moth of wrath
  2762 | D:3      | Found a bloodstained altar of Trog.
  3146 | D:4      | Noticed a phantom
  3158 | D:4      | Killed a phantom
  3158 | D:4      | Reached skill level 8 in Axes
  3158 | D:4      | Reached XP level 6. HP: 43/51 MP: 5/5
  3302 | D:4      | Noticed a slave
  3303 | D:4      | Noticed a slave
  3305 | D:4      | Noticed Pikel
  3306 | D:4      | Noticed a slave
  3306 | D:4      | Noticed a slave
  3308 | D:4      | Killed a slave
  3310 | D:4      | Killed a slave
  3318 | D:4      | Killed a slave
  3320 | D:4      | Killed Pikel
  3320 | D:4      | Reached skill level 10 in Axes
  3320 | D:4      | Reached XP level 7. HP: 46/57 MP: 6/6
  3840 | D:5      | Entered Level 5 of the Dungeon
  3845 | D:5      | Found a staircase to the Ecumenical Temple.
  3874 | Temple   | Entered the Ecumenical Temple
  3884 | Temple   | Became a worshipper of Warmaster Okawaru
  3996 | D:5      | Reached skill level 11 in Axes
  4063 | D:5      | Found a snail-covered altar of Cheibriados.
  4092 | D:5      | Reached XP level 8. HP: 52/66 MP: 7/7
  4919 | D:6      | Found a shimmering blue altar of Sif Muna.
  4919 | D:6      | Found a shattered altar of Ashenzari.
  4919 | D:6      | Found a hide-covered altar of Uskayaw.
  4919 | D:6      | Found a burning altar of Makhleb.
  4940 | D:6      | Reached * piety under Okawaru
  5143 | D:6      | Reached skill level 5 in Fighting
  5151 | D:6      | Reached skill level 12 in Axes
  6014 | D:7      | Got a crystal falchion
  6033 | D:7      | Identified the cursed +3 falchion "Vafutoen" {drain, rF+
                  | MR+ Dex+4} (You found it on level 7 of the Dungeon)
  6105 | D:7      | Found a basalt altar of Yredelemnul.
  6238 | D:7      | Reached XP level 9. HP: 55/77 MP: 8/8
  6331 | D:7      | Noticed a deep elf mage
  6349 | D:7      | Killed a deep elf mage
  6349 | D:7      | Reached ** piety under Okawaru
  6349 | D:7      | Reached skill level 13 in Axes
  6700 | D:8      | Noticed Joseph
  6720 | D:8      | Killed Joseph
  6842 | D:8      | Noticed Prince Ribbit
  6857 | D:8      | Killed Prince Ribbit
  6857 | D:8      | Reached skill level 14 in Axes
  6952 | D:8      | Found a radiant altar of Vehumet.
  7288 | D:9      | Found a stormy altar of Qazlal.
  7342 | D:9      | Reached *** piety under Okawaru
  7447 | D:9      | Noticed a cyan ugly thing
  7455 | D:9      | HP: 1/81 [cyan ugly thing (17)]
  7460 | D:9      | HP: 2/81 [cyan ugly thing (17)]
  7461 | D:9      | Mangled by a cyan ugly thing

Levels and vault maps discovered:
D:1:      lemuel_arrival_lava_pool, layout_basic
D:2:      layout_rooms, first_ration, corexii_shack, minmay_tiny_reverse_x
D:3:      layout_basic, grunt_gozag_breadcrumbs, minivault_25, minivault_5,
          tgw_trog
D:4:      layout_basic, uniq_pikel
D:5:      layout_basic, lemuel_round_altar, minmay_temple_entry_mini_moons,
          eino_small_chamber_without_monster, minmay_splitting_lines, hex_large
D:6:      layout_loops_corners, chequers_temple_overflow_statue_of_worship,
          minmay_misc_feat_iff
D:7:      layout_loops_ring, kennysheep_mini, the_bakery,
          guppyfry_early_elven_hall
D:8:      layout_loops_ring, vehumet_crystals, uniq_joseph, uniq_prince_ribbit1
D:9:      minmay_the_grid_net [minmay_the_grid_rooms,
          minmay_the_grid_minigrid_small, minmay_the_grid_outer_diamond,
          minmay_the_grid_tree, minmay_the_grid_square_x,
          minmay_the_grid_prize_four_corners_diamond_b], layout_loops_ring,
          lemuel_crystal_altar, serial_shops, kennysheep_mini_moat, basic_altar,
          bh_walls_and_bars
Temple:   dshaligram_water_room_temple

Skill      XL: |  1  2  3  4  5  6  7  8  9 |
---------------+----------------------------+-----
Axes           | 3 4 5 6 8 10 11 12 14 | 14.3
Fighting       | 6 8 |  8.3
Armour         | 4 |  4.3
Shields        | |  3.6

Action                   |  1- 3 |  4- 6 |  7- 9 || total
-------------------------+-------+-------+-------++-------
Melee: War axe           |    94 |   157 |   306 ||   557
       Headbutt          |     7 |    33 |    55 ||    95
Invok: Heroism           |       |       |     2 ||     2
  Use: Scroll            |     2 |     3 |    10 ||    15
       Potion            |       |     1 |     4 ||     5
  Eat: Ration            |     1 |     2 |     4 ||     7
Armor: Scale mail        |    43 |    53 |    10 ||   106
       Plate armour      |       |       |     6 ||     6
       Chain mail        |       |       |    35 ||    35
       Fire dragon scale |       |       |    42 ||    42
Dodge: Dodged            |    32 |    40 |    54 ||   126
Block: Shield            |    55 |    77 |   107 ||   239
